 Dungeon Crawl Stone Soup version 0.19-a0-414-g76fec5b (webtiles) character file.

12 eljoo the Stinger (level 2, 26/26 HPs)
             Began as a Troll Venom Mage on May 31, 2016.
             Quit the game on level 1 of the Dungeon.
             The game lasted 00:00:48 (232 turns).

eljoo the Stinger (Troll Venom Mage)                 Turns: 232, Time: 00:00:48

Health: 26/26      AC:  5    Str: 15    XL:     2   Next: 20%
Magic:  2/2        EV: 10    Int: 11    God:
Gold:   6          SH:  0    Dex: 10    Spells: 1 memorised, 2 levels left

rFire  . . .     SeeInvis .       - Unarmed
rCold  . . .     Gourm    +     a - +0 robe
rNeg   . . .     Faith    .     (no shield)
rPois  .         Spirit   .     (helmet restricted)
rElec  .         Dismiss  .     (no cloak)
rCorr  .         Reflect  .     (gloves unavailable)
SustAt .         Harm     .     (boots unavailable)
MR     .....                    (no amulet)
Stlth  +.........               (no ring)
                                (no ring)

@: not resistant to hostile enchantments, very unstealthy
A: unfitting armour, claws 3, fast metabolism 3, gourmand, regeneration 2,
shaggy fur 1, tough skin 2
a: no special abilities


You were on level 1 of the Dungeon.
You were not hungry.

You visited 1 branch of the dungeon, and saw 1 of its levels.

You collected 6 gold pieces.

Inventory:

Armour
 a - a +0 robe (worn)
Jewellery
 d - an uncursed amulet of magic regeneration {unknown}
Books
 b - a Young Poisoner's Handbook

   Spells                             Type                      Level
   a - Sting                          Conjuration/Poison           1
   b - Cure Poison                    Poison                       2
   c - Mephitic Cloud                 Conjuration/Poison/Air       3
   d - Olgreb's Toxic Radiance        Poison                       4
   e - Venom Bolt                     Conjuration/Poison           5
Comestibles
 c - 2 bread rations
 f - a meat ration
 g - a chunk of flesh


   Skills:
 + Level 0.7 Fighting
 - Level 1.5 Dodging
 - Level 1.1 Stealth
 + Level 1.4 Unarmed Combat
 - Level 1.2 Spellcasting
 - Level 2.9 Poison Magic


You had 2 spell levels left.
You knew the following spells:

 Your Spells              Type           Power        Failure   Level  Hunger
a - Sting                 Conj/Pois      #...         21%         1    ##.....


Dungeon Overview and Level Annotations

Branches:
Dungeon (1/15)

Altars:


Innate Abilities, Weirdness & Mutations

You are too large for most types of armour.
You have claws for hands.
Your metabolism is lightning-fast.
You like to eat raw meat.
You heal very quickly.
You are covered in fur. (AC +1)
You have very tough skin. (AC +2)


Message History

The giant gecko bites you.
You claw the giant gecko!
You kill the giant gecko!
You see here a giant gecko corpse.
You butcher the giant gecko corpse.
g - a chunk of flesh You see here a giant gecko skeleton.
Eating a chunk of flesh.
This raw flesh tastes great.
You continue eating. x2
You see here a giant gecko skeleton.
You see here a leather armour.
Found a leather armour.
A giant newt comes into view.
The giant newt misses you.
You scratch the giant newt.
You kill the giant newt!
You see here a giant newt corpse.
You butcher the giant newt corpse.
g - a chunk of flesh Are you sure you want to abandon this character and quit the game? (Confirm with "yes".)

...........##.##...[........
#.##.##.#..##.##.#.##.##.###
#.##.##.#........#.......#
#.......##.......####....#
####.#####.......# ####.#
#.# #.##.##.# #.# ##.#
#.##.##.# #.# #..# #.##.##.#
#.# #.## #.@.....# #.# #.#
#.......# #. #.# ##.....##
#.# #.# #.....# #####.##
#.##### #[....# #......##
#(....# ####### #.#.....#
#####.# #.#......
#.########## #.#.....#
#.##.. ...# #.#....##


There were no monsters in sight!

Vanquished Creatures
  An ooze (D:1)
  A giant gecko (D:1)
  A goblin (D:1)
  A hobgoblin (D:1)
  A giant newt (D:1)
  2 kobolds (D:1)
  A rat (D:1)
8 creatures vanquished.

Notes
Turn   | Place    | Note
--------------------------------------------------------------
     0 | D:1      | eljoo the Troll Venom Mage began the quest for the Orb.
     0 | D:1      | Reached XP level 1. HP: 16/16 MP: 1/1
   118 | D:1      | Reached skill level 1 in Unarmed Combat
   118 | D:1      | Reached XP level 2. HP: 26/26 MP: 2/2
   232 | D:1      | Quit the game

Vault maps used:
D:1:      dpeg_arrival_prison

Skill      XL: |  1 |
---------------+----+-----
Unarmed Combat | 1 |  1.4
Fighting       | |  0.7
Dodging        | |  1.5
Stealth        | |  1.1
Spellcasting   | |  1.2
Poison Magic   | |  2.9

Action                   || total
-------------------------++-------
Melee: Unarmed           ||    27
  Eat: Chunk             ||     2
Armor: Robe              ||     7
Dodge: Dodged            ||    11
